 Dungeon Crawl Stone Soup version 0.26-a0-1049-g242049e08c (webtiles) character file.

Game seed: 7180911824036169503

94976 Morbidden the Marksdemonspawn (level 15, -19/120 HPs)
             Began as a Demonspawn Wanderer on Dec 12, 2020.
             Was the Champion of Cheibriados.
             Demolished by a stone giant (32 damage)
             ... while paralysed by an orc sorcerer
             ... on level 2 of the Orcish Mines.
             The game lasted 00:50:37 (24078 turns).

Morbidden the Marksdemonspawn (DsWn)               Turns: 24078, Time: 00:50:38

Health: -19/120    AC: -2    Str: 30    XL:     15   Next: 65%
Magic:  11/33      EV:  2    Int: 28    God:    Cheibriados [******]
Gold:   1270       SH:  0    Dex: 31    Spells: 17/20 levels left

rFire    . . .     SeeInvis .     - Unarmed
rCold    . . .     Faith    .   (no shield)
rNeg     + + .     Spirit   .   T - +1 scale mail of the Cockroach {rElec Dex+2 Slay+3}
rPois    .         Reflect  .   U - +2 hat
rElec    +         Harm     .   S - scarf {repulsion}
rCorr    .         Rampage  .   (no gloves)
Will     ++...                  F - +2 pair of boots
Stlth    ++........             s - amulet of regeneration
HPRegen  4.70/turn              v - +4 ring of evasion
MPRegen  0.23/turn              O - ring "Udog" {rN+ Will+ MP+9 EV+4 Str-3}

@: paralysed, lethally poisoned (-19 -> -20), portal projectile, corroded,
studying 2 skills, repel missiles, very slow
A: claws 2, demonic guardian 2, negative energy resistance 1, powered by death
2, sharp scales 3
a: Bend Time, Temporal Distortion, Slouch, Step From Time, Renounce Religion,
Cancel Portal Projectile


You were on level 2 of the Orcish Mines.
You worshipped Cheibriados.
Cheibriados was exalted by your worship.
You visited 3 branches of the dungeon, and saw 23 of its levels.
You visited 1 bazaar.
You also visited: Ice Cave.

You collected 2248 gold pieces.
You spent 978 gold pieces at shops.

Inventory:

Hand Weapons
 a - a +1 longbow of venom
 w - a +2 mace
Missiles
 M - 339 arrows
Armour
 A - a +0 leather armour of fire resistance
 F - a +2 pair of boots (worn)
 J - a +2 leather armour of cold resistance
 S - a scarf of repulsion (worn)
 T - the +1 scale mail of the Cockroach (worn) {rElec Dex+2 Slay+3}
   (You found it on level 15 of the Dungeon)

   It affects your dexterity (+2).
   It affects your accuracy and damage with ranged weapons and melee attacks
   (+3).
   It insulates you from electricity.
 U - a +2 hat (worn)
Jewellery
 e - an uncursed ring of protection from fire
 s - an amulet of regeneration (around neck)
 v - a +4 ring of evasion (left claw)
 I - an uncursed ring of poison resistance
 O - the ring "Udog" (right claw) {rN+ Will+ MP+9 EV+4 Str-3}
   (You found it on level 12 of the Dungeon)

   [ring of evasion]

   It affects your evasion (+4).
   It affects your strength (-3).
   It protects you from negative energy.
   It affects your willpower, your defense against some magical effects.
   It affects your magic capacity (+9).
Wands
 k - a wand of flame (51)
 B - a wand of iceblast (8)
 C - a wand of disintegration (14)
 D - a wand of polymorph (5)
 P - a wand of acid (5)
 Q - a wand of enslavement (12)
 W - a wand of digging (1)
Scrolls
 c - 3 scrolls of enchant weapon
 g - 7 scrolls of remove curse
 o - 2 scrolls of blinking
 q - a scroll of brand weapon
 r - 6 scrolls of immolation
 t - 7 scrolls of identify
 u - 5 scrolls of amnesia
 x - 6 scrolls of teleportation
 y - a scroll of enchant armour
 G - 4 scrolls of fear
 H - 4 scrolls of magic mapping
Potions
 b - 2 potions of mutation {unknown}
 d - 4 potions of lignification
 f - 4 potions of attraction {unknown}
 h - 7 potions of flight {unknown}
 i - 10 potions of curing
 j - 2 potions of heal wounds
 m - 3 potions of invisibility
 n - a potion of berserk rage {unknown}
 p - 4 potions of magic {unknown}
 z - 8 potions of might
 E - 6 potions of degeneration {unknown}
 R - a potion of brilliance {unknown}
 V - 2 potions of cancellation {unknown}
Books
 L - a manual of Evocations
 N - a manual of Air Magic
Miscellaneous
 K - a phantom mirror (inert)


   Skills:
 * Level 11.9 Fighting
 + Level 1.3 Short Blades
 + Level 2.0 Maces & Flails
 * Level 16.2 Bows
 + Level 1.0 Throwing
 + Level 6.9 Armour
 + Level 5.2 Dodging
 + Level 4.3 Stealth
 + Level 7.4 Unarmed Combat
 * Level 3.4 Spellcasting
 * Level 2.8 Hexes
 * Level 2.8 Translocations
 + Level 1.0 Ice Magic
 + Level 2.0 Earth Magic
 * Level 12.1 Invocations
 * Level 8.4 Evocations


You had 17 spell levels left.
You knew the following spells:

 Your Spells              Type           Power        Failure   Level
a - Portal Projectile     Hex/Tloc       ###...       14%         3

Your spell library contained the following spells:

 Spells                   Type           Power        Failure   Level
 Apportation              Tloc           ###...       4%          1
 Corona                   Hex            ###....      4%          1
 Blink                    Tloc           N/A          7%          2
 Slow                     Hex            ###.....     7%          2
 Freeze                   Ice            ##..         10%         1
 Ensorcelled Hibernation  Hex/Ice        ###...       11%         2
 Confusing Touch          Hex            ###.....     14%         3
 Tukima's Dance           Hex            ###.....     14%         3
 Animate Skeleton         Necr           #.....       16%         1
 Magic Dart               Conj           #...         16%         1
 Sting                    Tmut/Pois      #...         16%         1
 Summon Small Mammal      Summ           #...         16%         1
 Call Imp                 Summ           #.......     22%         2
 Dazzling Flash           Conj/Hex       ##....       26%         3
 Conjure Flame            Conj/Fire      #.......     41%         3
 Mephitic Cloud           Conj/Pois/Air  #.......     41%         3
 Passage of Golubria      Tloc           N/A          43%         4
 Ice Form                 Ice/Tmut       #.......     77%         4
 Summon Ice Beast         Ice/Summ       #.......     77%         4
 Yara's Violent Unravell  Hex/Tmut       ##........   93%         5
 Bolt of Magma            Conj/Fire/Erth #.........   97%         5
 Alistair's Intoxication  Tmut/Pois      #........    99%         5
 Blade Hands              Tmut           #.........   99%         5
 Ozocubu's Refrigeration  Ice            ##........   100%        6


Dungeon Overview and Level Annotations

Branches:
Dungeon (15/15)            Temple (0/1) D:7            Lair (6/6) D:9
 Shoals (0/4) Lair:3        Snake (0/4) Lair:4        Slime (0/5) Lair:6
    Orc (2/2) D:11            Elf (0/3) Orc:2        Vaults (0/5) D:14
 Depths (0/5) D:15          IceCv (visited)

Altars:
Ashenzari
Cheibriados
Dithmenos
Elyvilon
Fedhas
Hepliaklqana
Qazlal
Sif Muna
Trog
Uskayaw
Xom
The Shining One

Shops:
D:4 !   D:6 [   D:7 [   D:8 *   D:13 [   D:14 ![   D:15 [*

Portals:
Trove: D:10 (give +3 storm dragon scales)

Annotations:
D:4 exclusions: door and 1 more exclusion
D:6 2 transporters, rlgrobin's ghost, weakling KoDe
D:14 Roxanne
Lair:2 3 runed translucent doors, Qoihe's ghost, journeyman DrCj
Lair:4 exclusion: 4 oklob plants


Innate Abilities, Weirdness & Mutations

You have very sharp fingernails.
A demonic guardian rushes to your aid.
You resist negative energy. (rN+)
You regenerate health from kills.
You are completely covered in razor-sharp scales. (AC +3, Slay +3)


Message History

The orc sorcerer hits you with a +0 dagger!
The orc sorcerer hits you with a +1 dagger of venom.
You are more poisoned.
The stone giant hits you!! Something hits you.
The orc hits you with a +0 whip of holy wrath.
You convulse!
* * * LOW HITPOINT WARNING * * *
You feel sick. The rust devil hits you!
* * * LOW HITPOINT WARNING * * *
The rust devil corrodes you!
The orc sorcerer mumbles some strange words.
The orc sorcerer hits you with a +0 dagger.
* * * LOW HITPOINT WARNING * * *
The orc sorcerer hits you with a +1 dagger of venom.
* * * LOW HITPOINT WARNING * * *
You are more poisoned.
Something hits you.
* * * LOW HITPOINT WARNING * * *
The stone giant hits you!!
You die...

....... ..#..(
.........#......
........#....(..
........)#..(...
$....$....((...$
#...$....$(.....
##.....(o)#.....
.#.......@Co.....
........o4o..4....
.........{)o4.....
..[.........o.....
.$................
..).(.........o...
...(.....#.#....(§
.......[)).......§
...>...)<.).....≈§


You could see a stone giant, a rust devil (summoned, very poisoned), 4 orc
sorcerers, 2 red devils, an orc wizard and 2 orcs.

Vanquished Creatures
  An entropy weaver (Lair:4)
  Snorg (Lair:3)
  A boulder beetle (Lair:5)
  6 hydras
  2 catoblepae
  A queen ant (Lair:4)
  4 centaur warriors
  An ogre mage (D:15)
  7 death yaks (Lair:6)
  6 two-headed ogres
  2 tengu warriors
  Nergalle (Lair:3)
  A skeletal warrior (D:14)
  2 wizards (D:15)
  An unseen horror (D:11)
  2 lindwurms
  Pikel (D:6)
  A deep elf mage (D:13)
  3 orc knights
  A wolf spider zombie (D:15)
  11 ugly things
  4 cyclopes
  3 orc sorcerers
  3 manticores
  A salamander (shapeshifter) (D:15)
  3 elephants (Lair:6)
  A black mamba (Lair:2)
  2 ice statues (IceCv)
  A torpor snail (Lair:6)
  A centaur zombie (D:13)
  11 cane toads
  Maggie (D:6)
  3 freezing wraiths
  3 kobold demonologists
  A yaktaur (D:15)
  6 rime drakes
  6 komodo dragons
  2 efreet
  4 polar bears
  2 meliai (D:14)
  A wind drake (Lair:3)
  Prince Ribbit (D:6)
  4 trolls
  11 blink frogs
  A hornet (D:12)
  3 slime creatures (D:14)
  A meliai zombie (D:14)
  A shadow (D:14)
  A wraith (D:11)
  50 yaks
  2 vampires
  3 basilisks
  A water elemental (D:14)
  Eustachio (D:6)
  A basilisk (shapeshifter) (D:15)
  4 vampire mosquitoes (D:14)
  4 wyverns
  2 wargs (Orc:1)
  12 soldier ants
  Duvessa (D:4)
  7 water moccasins
  8 ice beasts
  5 sky beasts
  8 black bears
  24 orc warriors
  A hornet zombie (D:13)
  20 ogres
  An eye of draining (shapeshifter) (D:13)
  A necrophage (D:12)
  4 phantoms
  2 eyes of draining
  11 wolves
  6 centaurs
  18 bullfrogs
  7 big kobolds
  2 wyvern skeletons (D:14)
  5 scorpions
  Dowan (D:4)
  11 killer bees
  10 wights
  4 electric eels
  A quasit (D:12)
  5 jellies
  A wyvern simulacrum (D:14)
  14 orc priests
  2 bullfrog zombies
  7 hounds
  3 bullfrog skeletons
  8 centaur skeletons
  6 iguanas
  21 orc wizards
  43 worker ants
  A bullfrog simulacrum (D:12)
  A hound skeleton (D:10)
  A hound zombie (D:11)
  A howler monkey skeleton (D:9)
  13 adders
  A shadow imp (D:10)
  15 white imps
  3 ufetubi
  2 oozes (Lair:6)
  An adder skeleton (D:7)
  An adder zombie (D:5)
  4 worms
  7 dart slugs
  10 leopard geckos
  97 orcs
  8 bats
  11 giant cockroaches
  9 goblins
  8 hobgoblins
  5 jackals
  4 quokkas
  4 ball pythons
  7 frilled lizards
  22 kobolds
  12 rats
734 creatures vanquished.

Vanquished Creatures (collateral kills)
  Jorgrun (Orc:1)
  Rupert (D:12)
  An entropy weaver (Lair:4)
  2 boulder beetles
  4 hydras
  3 centaur warriors
  An ogre mage (D:14)
  A deep troll shaman (Lair:6)
  2 two-headed ogres
  2 tengu warriors (D:15)
  2 death yaks (Lair:6)
  A lindwurm (Lair:6)
  An orc sorcerer (Orc:2)
  2 ugly things
  A manticore (D:12)
  A cyclops (D:11)
  An elephant (Lair:6)
  A centaur skeleton (D:15)
  A kobold demonologist (D:11)
  A komodo dragon (shapeshifter) (D:15)
  3 yaktaurs (D:15)
  A meliai (D:14)
  Grinder (D:6)
  2 wyverns
  A wraith (D:13)
  4 yaks
  A basilisk (D:15)
  A warg (Orc:1)
  2 acid dragons
  4 soldier ants (Lair:4)
  An orc warrior (Orc:1)
  A black bear (Lair:4)
  A sky beast (D:10)
  A phantom (D:5)
  2 ogres
  5 centaurs
  A big kobold (D:15)
  2 bullfrogs
  A howler monkey (D:14)
  A hound (D:12)
  4 worker ants
  A leopard gecko (D:11)
  5 orcs
  6 kobolds
82 creatures vanquished.

Vanquished Creatures (others)
  A yak (Lair:6)
  2 centaurs (D:15)
  An orc (Orc:2)
  30 fungi
  44 plants
78 creatures vanquished.

Grand Total: 894 creatures vanquished

Notes
Turn   | Place    | Note
-------+----------+-------------------------------------------
     0 | D:1      | Morbidden the Demonspawn Wanderer began the quest for the
                  | Orb.
     0 | D:1      | Morbidden set off with the following items: a +2 mace, a +0
                  | shortbow, 25 arrows, a potion of lignification, a +0 robe
     0 | D:1      | Reached XP level 1. HP: 16/16 MP: 1/1
    82 | D:1      | Gained mutation: You are partially covered in razor-sharp
                  | scales. (AC +1, Slay +1) [demonic ancestry]
    82 | D:1      | Reached XP level 2. HP: 22/22 MP: 2/2
   726 | D:1      | Gained mutation: A weak demonic guardian rushes to your
                  | aid. [demonic ancestry]
   726 | D:1      | Reached XP level 3. HP: 28/28 MP: 3/3
   827 | D:1      | Reached skill level 1 in Bows
  1520 | D:2      | Gained mutation: You regenerate a little health from kills.
                  | [demonic ancestry]
  1520 | D:2      | Reached XP level 4. HP: 34/34 MP: 4/4
  1727 | D:2      | Found a faded altar of an unknown god.
  1824 | D:2      | Reached skill level 2 in Bows
  1942 | D:2      | Found a glowing golden altar of the Shining One.
  2553 | D:3      | Reached skill level 1 in Dodging
  2950 | D:3      | Gained mutation: You are mostly covered in razor-sharp
                  | scales. (AC +2, Slay +2) [demonic ancestry]
  2950 | D:3      | Reached XP level 5. HP: 41/41 MP: 5/5
  3258 | D:3      | Reached skill level 3 in Bows
  3497 | D:4      | Noticed a phantom
  3518 | D:3      | Killed a phantom
  3519 | D:3      | Gained mutation: You are completely covered in razor-sharp
                  | scales. (AC +3, Slay +3) [demonic ancestry]
  3519 | D:3      | Reached XP level 6. HP: 42/47 MP: 6/6
  3613 | D:4      | Reached skill level 4 in Bows
  3614 | D:4      | Found a snail-covered altar of Cheibriados.
  3622 | D:4      | Became a worshipper of Cheibriados the Contemplative
  3668 | D:4      | Found Aguytsitsa's Distillery.
  3681 | D:4      | Reached skill level 1 in Invocations
  3975 | D:4      | Bought a potion of heal wounds for 50 gold pieces
  3975 | D:4      | Bought a potion of heal wounds for 50 gold pieces
  3975 | D:4      | Bought 2 potions of heal wounds for 100 gold pieces
  4009 | D:4      | Found a shadowy altar of Dithmenos.
  4097 | D:4      | Reached * piety under Cheibriados
  4121 | D:4      | Noticed Dowan
  4132 | D:4      | Reached XP level 7. HP: 38/53 MP: 8/8
  4136 | D:4      | Killed Dowan
  4473 | D:4      | Reached skill level 5 in Bows
  4509 | D:4      | Noticed Duvessa
  4531 | D:4      | Killed Duvessa
  5069 | D:4      | Found a shimmering blue altar of Sif Muna.
  5388 | D:5      | Entered Level 5 of the Dungeon
  5597 | D:5      | Reached skill level 6 in Bows
  5674 | D:5      | Found a broken altar of Ashenzari.
  5924 | D:6      | Reached ** piety under Cheibriados
  5997 | D:6      | Reached XP level 8. HP: 42/60 MP: 10/10
  6262 | D:6      | Found a transporter.
  6270 | D:6      | Noticed Prince Ribbit
  6293 | D:6      | Noticed rlgrobin's ghost (weakling KoDe)
  6307 | D:6      | Killed Prince Ribbit
  6387 | D:6      | Reached skill level 7 in Bows
  6409 | D:6      | Found Uriof's Armour Shop.
  6430 | D:6      | Found a transporter.
  6443 | D:6      | Reached skill level 1 in Stealth
  6637 | D:6      | Noticed Maggie
  6656 | D:6      | Killed Maggie
  6657 | D:6      | Reached skill level 5 in Fighting
  6657 | D:6      | Reached skill level 8 in Bows
  6685 | D:6      | Noticed Grinder
  6697 | D:6      | Gained mutation: You have sharp fingernails. [demonic
                  | ancestry]
  6697 | D:6      | Reached XP level 9. HP: 61/68 MP: 12/12
  6702 | D:6      | Paralysed by Grinder for 6 turns
  6719 | D:6      | Killed Grinder
  6720 | D:6      | Reached skill level 1 in Short Blades
  6771 | D:6      | Noticed Eustachio
  6820 | D:6      | Killed Eustachio
  7027 | D:6      | Noticed Pikel
  7058 | D:6      | Killed Pikel
  7059 | D:6      | Reached skill level 1 in Unarmed Combat
  7059 | D:6      | Reached skill level 5 in Invocations
  7066 | D:6      | Found a blossoming altar of Fedhas.
  7320 | D:7      | Found a white marble altar of Elyvilon.
  7355 | D:7      | Reached *** piety under Cheibriados
  7501 | D:7      | Found Aniokkui's Antique Armour Shop.
  7509 | D:7      | Bought a pair of embroidered boots for 202 gold pieces
  7515 | D:7      | Found a staircase to the Ecumenical Temple.
  7627 | D:7      | Found a bloodstained altar of Trog.
  7846 | D:8      | Reached skill level 9 in Bows
  7950 | D:8      | Noticed a lindwurm
  7951 | D:8      | Noticed a lindwurm
  7957 | D:8      | Noticed a lindwurm
  8103 | D:8      | Found Hiathrir's Assorted Antiques.
  8105 | D:8      | You fall into a shaft and drop 2 floors!
  8105 | D:10     | Entered Level 10 of the Dungeon
  8286 | D:10     | Reached **** piety under Cheibriados
  8319 | D:10     | Gained mutation: You have very sharp fingernails. [demonic
                  | ancestry]
  8319 | D:10     | Reached XP level 10. HP: 77/77 MP: 14/14
  8620 | D:10     | Found a portal to a secret trove of treasure.
  8666 | D:10     | Reached skill level 10 in Bows
  8905 | D:10     | Reached ***** piety under Cheibriados
  9259 | D:8      | Found a stormy altar of Qazlal.
  9342 | D:8      | Noticed a lindwurm
  9369 | D:8      | Found a hazy altar of Hepliaklqana.
  9801 | D:9      | Found a shimmering altar of Xom.
  9955 | D:9      | Gained mutation: A demonic guardian rushes to your aid.
                  | [demonic ancestry]
  9955 | D:9      | Reached XP level 11. HP: 84/84 MP: 16/16
 10263 | D:9      | Found a hide-covered altar of Uskayaw.
 10263 | D:9      | Noticed a +0 dagger
 10264 | D:9      | Noticed a +0 hand axe
 10453 | D:9      | Reached skill level 11 in Bows
 10478 | D:9      | Found a staircase to the Lair.
 10705 | D:11     | Noticed a red ugly thing
 10927 | D:11     | Found a staircase to the Orcish Mines.
 11118 | D:11     | Killed an unseen horror
 11383 | D:11     | Noticed a white ugly thing
 11392 | D:11     | Killed a white ugly thing
 11392 | D:11     | Reached ****** piety under Cheibriados
 11395 | D:11     | Killed a white ugly thing
 11862 | D:12     | Noticed a white ugly thing
 11877 | D:12     | Killed a white ugly thing
 11918 | D:12     | Noticed a purple ugly thing
 11928 | D:12     | Killed a purple ugly thing
 12034 | D:12     | Noticed an orc knight
 12035 | D:12     | Noticed a tengu warrior
 12046 | D:12     | Killed an orc knight
 12063 | D:12     | Killed a tengu warrior
 12064 | D:12     | Reached skill level 5 in Unarmed Combat
 12109 | D:12     | Identified the Compendium of Transmutation and Orientation
 12119 | D:12     | Got a heavily runed silver ring
 12120 | D:12     | Identified the ring "Udog" {rN+ Will+ MP+9 EV+4 Str-3} (You
                  | found it on level 12 of the Dungeon)
 12122 | D:12     | Noticed a two-headed ogre
 12176 | D:12     | Killed a two-headed ogre
 12177 | D:12     | Reached XP level 12. HP: 73/94 MP: 18/18
 12266 | D:12     | Noticed Rupert
 12428 | D:12     | Reached skill level 12 in Bows
 12712 | D:12     | Killed Rupert
 12713 | D:12     | Reached skill level 5 in Armour
 12785 | D:12     | Identified the +7 chain mail of Red the Good {*Drain +Fly
                  | rCorr Dex+6} (You found it on level 12 of the Dungeon)
 12900 | D:13     | Noticed a tengu warrior
 12911 | D:13     | Killed a tengu warrior
 12975 | D:13     | Noticed a boulder beetle
 12989 | D:13     | Killed a boulder beetle
 13008 | D:13     | Found Tedoz's Antique Armour Boutique.
 13030 | D:13     | Noticed a centaur warrior
 13045 | D:13     | Killed a centaur warrior
 13085 | D:13     | Noticed an eight-headed hydra
 13092 | D:13     | HP: 2/96 [eight-headed hydra (9)]
 13515 | D:13     | Noticed a centaur warrior
 13523 | D:13     | Killed a centaur warrior
 13540 | D:13     | Identified a scroll of acquirement
 13540 | D:13     | Acquired a manual of Evocations
 13639 | D:13     | Killed an eight-headed hydra
 14009 | D:14     | Noticed a centaur warrior
 14014 | D:14     | Killed a centaur warrior
 14015 | D:14     | Noticed a seven-headed hydra
 14022 | D:14     | Noticed a two-headed ogre
 14022 | D:14     | Noticed an ogre mage
 14034 | D:14     | Killed a two-headed ogre
 14035 | D:14     | Reached skill level 10 in Invocations
 14040 | D:14     | Killed an ogre mage
 14041 | D:14     | Gained mutation: You regenerate health from kills. [demonic
                  | ancestry]
 14041 | D:14     | Reached XP level 13. HP: 76/102 MP: 20/20
 14100 | D:14     | Found Rovuesas's Antique Armour Boutique.
 14100 | D:14     | Identified Louzooga's Collected Works on Snow
 14110 | D:14     | Found Boesaot's Distillery.
 14177 | D:14     | Identified Roxanne's Disquisition on Transformation
 14177 | D:14     | Noticed Roxanne
 14256 | D:14     | Found a flickering gateway to a bazaar.
 14265 | Bazaar   | Entered a bazaar
 14282 | Bazaar   | Found Egutt's Book Shoppe.
 14282 | Bazaar   | Found Joro's Weapon Emporium.
 14303 | Bazaar   | Found Zule's Antique Armour Emporium.
 14318 | Bazaar   | Found Delypn's Book Shoppe.
 14318 | Bazaar   | Found Noticraj's Jewellery Emporium.
 14414 | Bazaar   | Bought a +4 ring of evasion for 576 gold pieces
 14462 | D:14     | Reached skill level 13 in Bows
 14606 | D:14     | Reached skill level 10 in Fighting
 14733 | D:14     | Found a gate to the Vaults.
 14775 | D:14     | Found a shadowy altar of Dithmenos.
 15494 | D:15     | Entered Level 15 of the Dungeon
 15789 | D:15     | Found Bintef's Armour Shop.
 15909 | D:15     | Reached skill level 14 in Bows
 15929 | D:15     | Got an encrusted scale mail
 15930 | D:15     | Identified the cursed +1 scale mail of the Cockroach {rElec
                  | Dex+2 Slay+3} (You found it on level 15 of the Dungeon)
 16162 | D:15     | Reached skill level 5 in Evocations
 16253 | D:15     | Gained mutation: You resist negative energy. (rN+) [demonic
                  | ancestry]
 16253 | D:15     | Reached XP level 14. HP: 111/111 MP: 22/22
 16312 | D:15     | Found a staircase to the Depths.
 16385 | D:15     | Found Peifre's Elemental Accessories.
 16592 | Lair:1   | Entered Level 1 of the Lair of Beasts
 16732 | Lair:1   | Found a shimmering altar of Xom.
 17478 | Lair:2   | Noticed Qoihe's ghost (journeyman DrCj)
 17484 | Lair:2   | Found a runed translucent gate.
 17484 | Lair:2   | Found a runed translucent gate.
 17484 | Lair:2   | Found a runed translucent gate.
 18094 | Lair:3   | Noticed Snorg
 18100 | Lair:3   | Killed Snorg
 18101 | Lair:3   | Reached skill level 15 in Bows
 18163 | Lair:3   | Reached skill level 5 in Dodging
 18298 | Lair:3   | Noticed Nergalle
 18303 | Lair:3   | Killed Nergalle
 18351 | Lair:3   | Found a staircase to the Shoals.
 19038 | Lair:4   | Found a frozen archway.
 19128 | IceCv    | Entered an ice cave
 19178 | IceCv    | Found a transporter.
 19234 | IceCv    | Found a transporter.
 19509 | IceCv    | Identified the Compendium of Orientation and Fire
 19537 | IceCv    | Learned a level 3 spell: Portal Projectile
 19611 | Lair:4   | Reached skill level 1 in Spellcasting
 19848 | Lair:4   | Reached skill level 1 in Hexes
 19861 | Lair:4   | Identified the +1 robe "Ysiah" {rC+} (You found it on level
                  | 4 of the Lair of Beasts)
 19971 | Lair:4   | Reached skill level 1 in Translocations
 20048 | Lair:4   | Reached XP level 15. HP: 119/119 MP: 23/23
 20552 | Lair:4   | Found a staircase to the Snake Pit.
 21466 | Lair:6   | Entered Level 6 of the Lair of Beasts
 21781 | Lair:6   | Found a staircase to the Slime Pits.
 21880 | Lair:6   | Reached skill level 16 in Bows
 21941 | Lair:6   | Identified the +2 pair of gloves "Ubloren" {+Fly} (You
                  | found it on level 6 of the Lair of Beasts)
 22471 | Orc:1    | Entered Level 1 of the Orcish Mines
 22490 | Orc:1    | Noticed Jorgrun
 22495 | Orc:1    | HP: 4/120 [Jorgrun/+0 vorpal quarterstaff (13)]
 23037 | Orc:1    | Killed Jorgrun
 23494 | Orc:2    | Entered Level 2 of the Orcish Mines
 23815 | Orc:2    | Found a staircase to the Elven Halls.
 24062 | Orc:2    | Paralysed by an orc sorcerer for 4 turns
 24073 | Orc:2    | Paralysed by an orc sorcerer for 6 turns
 24078 | Orc:2    | Demolished by a stone giant

Illustrated notes

Levels and vault maps discovered:
D:1:      nzn_arrival_crosshair, layout_basic, kennysheep_another_room,
          minmay_pentomino_p4
D:2:      layout_rooms, lemuel_round_altar,
          chequers_ecumenical_altar_simple_redux, st_stairs_1
D:3:      layout_loops_cross, minmay_fractal_squares_5
D:4:      layout_basic, led_sif_book, kennysheep_slug_shrine,
          nicolae_dithmenos_the_darkroom, serial_shops, shop, st_stairs_8,
          minivault_4, minmay_ruptured, uniq_duvessa
D:5:      layout_rooms, kennysheep_mini_moat, nicolae_overflow_hidden_temple
D:6:      layout_loops_ring, gammafunk_ghost_hive, serial_shops, shop,
          fedhas_altar_fruit_tree, uniq_eustachio, uniq_pikel, uniq_maggie,
          uniq_prince_ribbit1, uniq_grinder
D:7:      kennysheep_big_flooded_room, layout_cave_pools, kennysheep_mini,
          elyvilon_altar_5, minmay_temple_entry_grid, serial_shops,
          nicolae_shop_trees
D:8:      layout_basic, lemuel_coloured_pillars_altar, lemuel_doored_altar,
          serial_shops, shop, minmay_lindwurm_lava
D:9:      layout_gridville, dancing_weapons_uskayaw, lemuel_round_altar,
          grunt_lair_entry_orc_guard_hut
D:10:     layout_loops_ring, enter_trove_0, st_stairs_9
D:11:     layout_rooms, david_orc_2, chequers_serial_rivers_micro_a,
          minmay_fountain_box
D:12:     minmay_the_grid_square_5x5_3x3 [minmay_the_grid_square_5x5_bridge,
          minmay_the_grid_square_5x5_c, minmay_the_grid_square_5x5_minibox,
          minmay_the_grid_square_5x5_checkered,
          minmay_the_grid_square_5x5_megaprize_diamond,
          minmay_the_grid_square_5x5_dogpile,
          minmay_the_grid_square_5x5_trominoes,
          minmay_the_grid_square_5x5_three_walls,
          minmay_the_grid_square_5x5_shuriken], layout_rooms,
          chequers_serial_rivers_marsh, uniq_rupert
D:13:     layout_roguey, serial_shops, shop, palyth_stone_intersect
D:14:     layout_long_grid, hangedman_vaults_entry_quadrant_bands, serial_shops,
          bzr_entry_customers, shop, shop, basic_altar, minivault_4,
          uniq_roxanne
D:15:     grunt_enter_depths_magical_seal, layout_gridville, serial_shops,
          nicolae_shop_crystal, nicolae_elemental_shop
Lair:1:   layout_chaotic_city, basic_altar, serial_forest,
          infiniplex_forest_lined_2, infiniplex_forest_end_2,
          infiniplex_forest_clump_curved, infiniplex_forest_lined_4_way,
          infiniplex_forest_clump_curved, serial_bayou_shore_b
Lair:2:   layout_loops_ring, gammafunk_ghost_split, grunt_megastairs_1,
          infiniplex_staircase_pool
Lair:3:   layout_cave_pods, minmay_shoals_entry_beasts, uniq_snorg,
          uniq_nergalle
Lair:4:   layout_cave_pods, dummy_snake_entry, portal_ice_cave_entry_imps,
          zaba_anthell, minmay_lair_oklob_chamber, serial_bayou_shore_a,
          infiniplex_staircase_pool_2, serial_bayou_shore_b
Lair:5:   layout_long_grid, minivault_11, grunt_megastairs_3
Lair:6:   grunt_lair_end_beastmaster, layout_loops_ring,
          nicolae_slime_entry_slimehenge, lookout_lair_type
Orc:1:    layout_caves, lightli_orcish_oven, uniq_jorgrun
Orc:2:    kennysheep_orc_mage_school, layout_caves

Skill      XL: |  1  2  3  4  5  6  7  8  9 10 11 12 13 14 15 |
---------------+----------------------------------------------+-----
Earth Magic    | 2 |  2.0
Maces & Flails | 2 |  2.0
Bows           | 1 2 3 4 6 8 9 10 11 12 14 15 16 | 16.2
Fighting       | 3 4 5 6 7 8 9 10 11 | 11.9
Dodging        | 1 2 3 4 5 |  5.2
Invocations    | 1 2 4 5 7 8 10 11 12 | 12.1
Stealth        | 1 2 3 4 |  4.3
Short Blades   | 1 |  1.3
Armour         | 3 4 5 6 |  6.9
Unarmed Combat | 2 3 5 7 |  7.4
Evocations     | 2 5 7 8 |  8.4
Spellcasting   | 1 3 |  3.4
Hexes          | 1 2 |  2.8
Translocations | 1 2 |  2.8
Throwing       | |  1.0
Ice Magic      | |  1.0

Action                   |  1- 3 |  4- 6 |  7- 9 | 10-12 | 13-15 || total
-------------------------+-------+-------+-------+-------+-------++-------
Melee: Mace              |    27 |       |       |       |       ||    27
       Dagger            |       |     7 |    57 |       |       ||    64
       Unarmed           |       |       |   194 |   516 |    41 ||   751
       Punch             |       |       |     2 |    14 |     1 ||    17
       Shortbow          |       |       |       |     1 |       ||     1
 Fire: Shortbow          |   116 |   208 |   237 |   428 |    20 ||  1009
       Longbow           |       |       |       |       |  1070 ||  1070
 Cast: Portal Projectile |       |       |       |       |    13 ||    13
Invok: Slouch            |       |       |       |     1 |     4 ||     5
Evoke: Wand              |       |       |       |     1 |     4 ||     5
       Phantom mirror    |       |       |       |       |     1 ||     1
  Use: Potion            |       |       |     5 |       |     2 ||     7
       Scroll            |       |       |     3 |    19 |    11 ||    33
 Stab: Distracted        |       |       |     1 |     6 |       ||     7
       Sleeping          |       |       |     1 |     7 |       ||     8
Armor: Robe              |    18 |    36 |     1 |       |       ||    55
       Leather armour    |       |       |    16 |       |       ||    16
       Skin              |       |       |     7 |       |       ||     7
       Swamp dragon scal |       |       |    94 |   246 |    65 ||   405
       Scale mail        |       |       |       |       |   116 ||   116
Dodge: Dodged            |    57 |    79 |   198 |   544 |   700 ||  1578
       Repelled          |       |       |       |       |     4 ||     4

Table legend: (Time is in decaauts)
 A = Elapsed time spent in this place.
 B = Non-inter-level travel time spent in this place.
 C = Inter-level travel time spent in this place.
 D = Time resting spent in this place.
 E = Time spent auto-exploring this place.
 F = Levels seen in this place.
 G = Mean time per level.
                   A        B        C        D        E       F      G
               +--------+--------+--------+--------+--------+-----+--------+
         Total |  34525 |  32822 |   1703 |   2946 |  23367 |  25 | 1381.0 |
       Dungeon |  22494 |  21516 |    978 |   2696 |  14238 |  15 | 1499.6 |
          Lair |   9560 |   9001 |    559 |      0 |   7736 |   6 | 1593.3 |
  Orcish Mines |   1619 |   1453 |    166 |      0 |   1132 |   2 |  809.5 |
        Bazaar |    326 |    326 |      0 |      0 |    152 |   1 |  326.0 |
      Ice Cave |    523 |    523 |      0 |    250 |    109 |   1 |  523.0 |
               +--------+--------+--------+--------+--------+-----+--------+

Top non-repeatable levels by time:
    D:14: 2375 daAuts
  Lair:4: 2227 daAuts
     D:4: 2164 daAuts
     D:9: 1842 daAuts
  Lair:3: 1776 daAuts
    D:13: 1709 daAuts
    D:11: 1690 daAuts
    D:10: 1688 daAuts
     D:6: 1678 daAuts
    D:15: 1574 daAuts
  Lair:2: 1542 daAuts
    D:12: 1435 daAuts
  Lair:6: 1427 daAuts
     D:1: 1400 daAuts
     D:3: 1348 daAuts
